 Dungeon Crawl Stone Soup version 0.22-b1-21-g5cfc1688f2 (webtiles) character file.

196 OlSheep the Insei (level 5, 0/33 HPs)
             Began as an Octopode Transmuter on Aug 7, 2018.
             Was a Believer of Uskayaw.
             Killed from afar by a white imp (10 damage)
             ... with a puff of frost
             ... summoned by Natasha
             ... on level 4 of the Dungeon.
             The game lasted 00:17:13 (2954 turns).

OlSheep the Insei (Octopode Transmuter)             Turns: 2954, Time: 00:17:15

Health: 0/33       AC:  1    Str: 10    XL:     5   Next: 74%
Magic:  8/9        EV: 13    Int: 16    God:    Uskayaw [**....]
Gold:   176        SH:  4    Dex: 12    Spells: 4/10 levels left

rFire    . . .     SeeInvis .     - Unarmed
rCold    . . .     Gourm    .   (no shield)
rNeg     . . .     Faith    .   (helmet restricted)
rPois    .         Spirit   .   j - +4 amulet of reflection
rElec    .         Reflect  +   (no ring)
rCorr    .         Harm     .   (no ring)
MR       .....                  (no ring)
Stlth    ++........             (no ring)
HPRegen  0.11/turn              (no ring)
MPRegen  0.11/turn              (no ring)
                                (no ring)
                                (no ring)

@: appendage
A: almost no armour, stealthy swim, amphibious, 8 rings, constrict 8, tentacle
spike 3, camouflage 1, gelatinous body 1
a: End Transformation, Stomp, Line Pass, Renounce Religion


You were on level 4 of the Dungeon.
You worshipped Uskayaw.
Uskayaw was noncommittal.
You were not hungry.
One of your tentacles had a temporary spike.
You visited 2 branches of the dungeon, and saw 5 of its levels.

You collected 176 gold pieces.

Inventory:

Hand Weapons
 a - a +0 hunting sling
Missiles
 b - 35 arrows
 h - 112 stones (quivered)
Jewellery
 j - a +4 amulet of reflection (around mantle)
 p - an uncursed ring of ice
Scrolls
 f - a scroll of fog
 i - 2 scrolls of teleportation
 k - a scroll of noise {unknown}
 m - 2 scrolls of identify
 o - a scroll of immolation {unknown}
 q - a scroll of random uselessness {unknown}
 s - 2 scrolls of amnesia {unknown}
Potions
 d - 3 potions of flight
 e - 2 potions of curing
 g - a potion of mutation {unknown}
 l - 2 potions of resistance {unknown}
 r - a potion of cancellation {unknown}
Comestibles
 c - 6 rations
 n - 2 chunks of flesh


   Skills:
 + Level 1.2 Fighting
 + Level 2.2 Dodging
 + Level 4.2 Unarmed Combat
 - Level 3.1 Spellcasting
 + Level 3.5 Transmutations
 * Level 1.3 Poison Magic


You had 4 spell levels left.
You knew the following spells:

 Your Spells              Type           Power        Failure   Level  Hunger
a - Beastly Appendage     Tmut           ##....       4%          1    None
b - Sticks to Snakes      Tmut           ##......     7%          2    ##.....
c - Spider Form           Tmut/Pois      ##........   21%         3    ###....

Your spell library contained the following spells:

 Spells                   Type           Power        Failure   Level  Hunger
 Stone Arrow              Conj/Erth      #.....       50%         3    ###....
 Blade Hands              Tmut           ##........   77%         5    ######.
 Ice Form                 Ice/Tmut       #.......     65%         4    ####...
 Passwall                 Tmut/Erth      #.......     14%         2    ##.....
 Lee's Rapid Deconstruct  Erth           #.........   99%         5    ######.
 Sandblast                Erth           #.....       19%         1    None
 Petrify                  Tmut/Erth      #.......     65%         4    ####...


Dungeon Overview and Level Annotations

Branches:
Dungeon (4/15)             Temple (1/1) D:4

Altars:
Ashenzari
Cheibriados
Dithmenos
Elyvilon
Fedhas
Gozag
Hepliaklqana
Kikubaaqudgha
Makhleb
Nemelex Xobeh
Okawaru
Qazlal
Ru
Sif Muna
Trog
Uskayaw
Vehumet
Wu Jian
Xom
Yredelemnul
Zin
The Shining One

Annotations:
D:4 Natasha


Innate Abilities, Weirdness & Mutations

You cannot wear most types of armour.
You are very stealthy in the water. (Stealth+)
You are amphibious.
You can wear up to eight rings at the same time.
You can use your tentacles to constrict eight enemies at once.
Your skin changes colour to match your surroundings (Stealth+).
Your rubbery body absorbs attacks. (AC +1, EV +1)
One of your tentacles bears a large vicious spike.


Message History

The crimson imp hits you.
You tentacle-slap Natasha. You squeeze Natasha, but do no damage.
Natasha is moderately wounded.
You constrict Natasha.
Natasha stares at you and mumbles some strange words.
The magic dart hits you! The crimson imp closely misses you.
You tentacle-slap Natasha.
Natasha is severely wounded.
You constrict Natasha. The crimson imp barely misses you.
The white imp gestures at you. The puff of frost hits you!
Natasha barely misses you.
You can now pass through a line of other dancers.
You tentacle-slap Natasha but do no damage.
Natasha is almost dead.
You constrict Natasha, but do no damage.
The crimson imp blinks!
The crimson imp misses you. The white imp spits at you.
The white imp gestures at you. The puff of frost hits you!
You die...

......###..........##
......# #########.##
......# #......#.##
......# #.........#####
.....[# ..............
......# ............
......########..........
...............ยง5h......
......########..@55####
#####.# #.....# #.#
#.....# #.# ####.## #.#
.# #.# .# #.# .# #.# .#
..#


You could see Natasha, 2 crimson imps and a white imp.

Vanquished Creatures
  Natasha (twice) (D:4)
  A hound skeleton (D:4)
  5 adders
  An adder zombie (D:3)
  3 worms (D:3)
  2 dart slugs
  3 leopard geckos
  7 orcs
  5 bats
  4 giant cockroaches
  5 goblins
  9 hobgoblins
  5 jackals
  A quokka (D:3)
  3 frilled lizards
  A giant cockroach zombie (D:1)
  A jackal zombie (D:1)
  6 kobolds
  7 rats
71 creatures vanquished.

Notes
Turn   | Place    | Note
-------+----------+-------------------------------------------
     0 | D:1      | OlSheep the Octopode Transmuter began the quest for the Orb.
     0 | D:1      | Reached XP level 1. HP: 13/13 MP: 3/3
   114 | D:1      | Reached XP level 2. HP: 15/18 MP: 3/5
   256 | D:1      | Learned a level 2 spell: Sticks to Snakes
   457 | D:1      | Reached XP level 3. HP: 18/23 MP: 4/6
   487 | D:1      | Learned a level 3 spell: Spider Form
  1282 | D:2      | Reached XP level 4. HP: 25/28 MP: 2/8
  2051 | D:3      | Reached XP level 5. HP: 30/33 MP: 3/9
  2312 | D:3      | Found a shattered altar of Ashenzari.
  2314 | D:3      | Found a glowing silver altar of Zin.
  2314 | D:3      | Found a snail-covered altar of Cheibriados.
  2321 | D:3      | Found a hazy altar of Hepliaklqana.
  2424 | D:4      | Noticed Natasha
  2429 | D:4      | Killed Natasha
  2429 | D:4      | Reached skill level 4 in Unarmed Combat
  2429 | D:4      | Reached skill level 1 in Poison Magic
  2575 | D:4      | Found a staircase to the Ecumenical Temple.
  2612 | Temple   | Entered the Ecumenical Temple
  2723 | Temple   | Became a worshipper of Uskayaw the Reveler
  2828 | D:4      | Noticed Natasha
  2833 | D:4      | Reached * piety under Uskayaw
  2836 | D:4      | Killed Natasha
  2836 | D:4      | Reached ** piety under Uskayaw
  2946 | D:4      | Noticed Natasha
  2954 | D:4      | Killed from afar by a white imp

Skill      XL: |  1  2  3  4  5 |
---------------+----------------+-----
Spellcasting   | 3 |  3.1
Transmutations | 3 |  3.5
Unarmed Combat | 4 |  4.2
Poison Magic   | 1 |  1.3
Fighting       | |  1.2
Dodging        | |  2.2

Action                   |  1- 3 |  4- 6 || total
-------------------------+-------+-------++-------
Melee: Unarmed           |    71 |    91 ||   162
       Constrict         |    24 |    24 ||    48
       Kick              |    15 |    20 ||    35
       Tentacles         |     6 |    11 ||    17
       Punch             |     1 |     1 ||     2
 Fire: Hunting sling     |       |     1 ||     1
 Cast: Beastly Appendage |    23 |    29 ||    52
       Sticks to Snakes  |     3 |     5 ||     8
  Use: Scroll            |     5 |     1 ||     6
 Stab: Sleeping          |     3 |     2 ||     5
  Eat: Chunk             |     1 |     6 ||     7
Armor: Skin              |     4 |     3 ||     7
Dodge: Dodged            |    42 |    45 ||    87
Block: Other             |       |    10 ||    10
       Reflection        |       |     2 ||     2
